 Dungeon Crawl Stone Soup version 0.24-a0-507-g3e8b2426 (webtiles) character file.

Game seed: 18436796346161465634

52 sighowe the Shield-Bearer (level 3, -8/34 HPs)
             Began as a Deep Dwarf Fighter on July 19, 2019.
             Was an Initiate of Okawaru.
             Mangled by Crazy Yiuf
             ... wielding a +2 quarterstaff of chaos
              (13 damage)
             ... on level 2 of the Dungeon.
             The game lasted 00:10:06 (1671 turns).

sighowe the Shield-Bearer (Deep Dwarf Fighter)      Turns: 1671, Time: 00:10:07

Health: -8/34      AC:  5    Str: 20    XL:     3   Next: 60%
Magic:  12/12 (3)  EV:  9    Int:  8    God:    Okawaru [......]
Gold:   142        SH:  9    Dex: 12    Spells: 2/2 levels left

rFire    . . .     SeeInvis .   a - +0 war axe
rCold    . . .     Gourm    .   c - +0 shield
rNeg     . . .     Faith    .   b - +1 scale mail
rPois    .         Spirit   .   (no helmet)
rElec    .         Reflect  .   (no cloak)
rCorr    .         Harm     .   (no gloves)
MR       +....                  (no boots)
Stlth    ..........             (no amulet)
HPRegen  0.00/turn              g - ring of magical power
MPRegen  0.13/turn              (no ring)

@: lethally poisoned (-8 -> -8), non-regenerating
A: damage resistance, heal wounds, repulsion field 1, deformed body, high mp 1,
magic resistance 1, sense surroundings 1, no regeneration
a: Heal Wounds, Renounce Religion


You were on level 2 of the Dungeon.
You worshipped Okawaru.
Okawaru was noncommittal.
You were very hungry.

You visited 1 branch of the dungeon, and saw 2 of its levels.

You collected 142 gold pieces.

Inventory:

Hand Weapons
 a - a +0 war axe (weapon)
Missiles
 j - 4 atropa-tipped darts
 k - 9 poisoned darts (quivered)
Armour
 b - a +1 scale mail (worn)
 c - a +0 shield (worn)
Jewellery
 g - a ring of magical power (left hand)
Scrolls
 i - a scroll of enchant armour
 l - a scroll of remove curse
 n - a scroll of magic mapping
 p - a scroll of noise
Potions
 m - a potion of brilliance
Comestibles
 f - 2 rations


   Skills:
 + Level 3.1 Fighting
 + Level 2.9 Axes
 + Level 3.7 Armour
 + Level 3.9 Shields


You had 2 spell levels left.
You didn't know any spells.
Your spell library was empty.

Dungeon Overview and Level Annotations

Branches:
Dungeon (2/15)

Altars:
Okawaru

Annotations:
D:2 Crazy Yiuf


Innate Abilities, Weirdness & Mutations

You are resistant to damage.
You can heal yourself by infusing magical energy.
You passively map a small area around you.
You do not regenerate.
You are surrounded by a mild repulsion field. (EV +2)
Armour fits poorly on your strangely shaped body.
You have an increased reservoir of magic. (+10% MP)
You are resistant to hostile enchantments. (MR+)


Message History

You closely miss Crazy Yiuf.
Crazy Yiuf is lightly wounded.
Crazy Yiuf completely misses you.
Crazy Yiuf yells, "Citrus!"
Crazy Yiuf hits you with a +2 quarterstaff of chaos!
* * * LOW HITPOINT WARNING * * *
You are poisoned.
You hit Crazy Yiuf.
Crazy Yiuf is moderately wounded.
You block Crazy Yiuf's attack.
You hit Crazy Yiuf but do no damage.
Crazy Yiuf is moderately wounded.
Crazy Yiuf yells, "Adder tea bush!"
You block Crazy Yiuf's attack.
You hit Crazy Yiuf but do no damage.
Crazy Yiuf is moderately wounded.
Crazy Yiuf hits you with a +2 quarterstaff of chaos.
* * * LOW HITPOINT WARNING * * *
You are electrocuted!
You die...

############ #####
..†)...(#..# #..)#
####....#.## #...#
#######.#.# ...
#..8..#.#.## #g#*
#.8_8.#..>.# ♣♣@♣
#.(8..#.##.# ♣.♣♣
#≈≈.≈≈#.##.# ♣♣.♣
#)≈.≈)#.##.# ♣.♣♣
#≈≈.≈≈#.##.# ♣♣.♣♣
........##.# ♣...♣♣
......####.# ♣....♣
......###### #....#
...........###....#


You could see Crazy Yiuf.

Vanquished Creatures
  An adder (D:2)
  A worm (D:2)
  A dart slug (D:2)
  A leopard gecko (D:1)
  A bat (D:1)
  2 giant cockroaches (D:2)
  6 goblins
  8 hobgoblins
  4 kobolds
  3 frilled lizards (D:2)
  6 rats
34 creatures vanquished.

Notes
Turn   | Place    | Note
-------+----------+-------------------------------------------
     0 | D:1      | sighowe the Deep Dwarf Fighter began the quest for the Orb.
     0 | D:1      | Reached XP level 1. HP: 20/20 MP: 1/1
    53 | D:1      | Gained mutation: You have sharp fingernails. [potion of
                  | mutation]
    53 | D:1      | Gained mutation: Your body sometimes deteriorates upon
                  | taking damage. [potion of mutation]
    53 | D:1      | Gained mutation: Your muscles are strong. (Str +2) [potion
                  | of mutation]
   201 | D:1      | Lost mutation: Your body sometimes deteriorates upon taking
                  | damage. [potion of mutation]
   201 | D:1      | Lost mutation: Your muscles are strong. (Str +2) [potion of
                  | mutation]
   201 | D:1      | Gained mutation: You have large cloven feet. [potion of
                  | mutation]
   201 | D:1      | Lost mutation: You have sharp fingernails. [potion of
                  | mutation]
   201 | D:1      | Gained mutation: You have a pair of small antennae on your
                  | head. [potion of mutation]
   202 | D:1      | Lost mutation: You have large cloven feet. [potion of
                  | mutation]
   202 | D:1      | Lost mutation: You have a pair of small antennae on your
                  | head. [potion of mutation]
   202 | D:1      | Gained mutation: You are surrounded by a mild repulsion
                  | field. (EV +2) [potion of mutation]
   202 | D:1      | Gained mutation: Armour fits poorly on your strangely
                  | shaped body. [potion of mutation]
   202 | D:1      | Gained mutation: You have an increased reservoir of magic.
                  | (+10% MP) [potion of mutation]
   202 | D:1      | Gained mutation: You are resistant to hostile enchantments.
                  | (MR+) [potion of mutation]
   267 | D:1      | Reached XP level 2. HP: 27/27 MP: 2/2
   869 | D:2      | Found an iron altar of Okawaru.
   889 | D:2      | Became a worshipper of Warmaster Okawaru
   919 | D:2      | Reached XP level 3. HP: 22/34 MP: 3/3
  1662 | D:2      | Found a runed translucent door.
  1663 | D:2      | Noticed Crazy Yiuf
  1671 | D:2      | Mangled by Crazy Yiuf

Levels and vault maps discovered:
D:1:      minmay_arrival_four_loops, layout_basic
D:2:      layout_basic, kennysheep_okawaru_gauntlet, uniq_crazy_yiuf_cottage

Skill      XL: |  1  2 |
---------------+-------+-----
Fighting       | 3 |  3.1
Axes           | |  2.9
Armour         | |  3.7
Shields        | |  3.9

Action                   || total
-------------------------++-------
Melee: War axe           ||   110
Throw: Dart              ||     9
  Use: Potion            ||    11
       Scroll            ||     7
  Eat: Chunk             ||     1
Armor: Scale mail        ||    24
Dodge: Dodged            ||    39
Block: Shield            ||    51

Table legend:
 A = Non-vault XP
 B = Vault XP
 C = Vault XP percentage of total XP
 D = Non-vault monster count
 E = Vault monster count
 F = Vault count percentage of total count
                 A         B        C        D         E       F
            +---------+---------+-------+---------+---------+-------
      Total |      71 |       4 |   5.3 |      32 |       2 |   5.9
            +---------+---------+-------+---------+---------+-------
        D:1 |      30 |       0 |   0.0 |      16 |       0 |   0.0
        D:2 |      41 |       4 |   8.9 |      16 |       2 |  11.1
            +---------+---------+-------+---------+---------+-------
